 Dungeon Crawl Stone Soup version 0.19-a0-1025-g778f431 (webtiles) character file.

74 Ijustatesigmund the Skirmisher (level 4, 31/37 HPs)
             Began as a Demonspawn Fighter on July 28, 2016.
             Quit the game on level 3 of the Dungeon.
             The game lasted 00:02:44 (1743 turns).

Ijustatesigmund the Skirmisher (Demonspawn Fighter) Turns: 1743, Time: 00:02:44

Health: 31/37      AC:  7    Str: 17    XL:     4   Next: 9%
Magic:  4/4        EV:  7    Int: 11    God:
Gold:   99         SH:  8    Dex: 13    Spells: 0 memorised, 3 levels left

rFire  . . .     SeeInvis .     a - +0 flail
rCold  . . .     Gourm    .     b - +0 scale mail
rNeg   . . .     Faith    .     c - +0 shield
rPois  .         Spirit   .     (helmet restricted)
rElec  .         Dismiss  .     (no cloak)
rCorr  .         Reflect  .     (no gloves)
SustAt .         Harm     .     m - +0 pair of boots
MR     .....                    (no amulet)
Stlth  ..........               j - ring of flight
                                n - +2 ring of intelligence

@: not resistant to hostile enchantments, extremely unstealthy
A: horns 2
a: Evoke Flight


You were on level 3 of the Dungeon.
You were not hungry.

You visited 1 branch of the dungeon, and saw 3 of its levels.

You collected 99 gold pieces.

Inventory:

Hand Weapons
 a - a +0 flail (weapon)
Armour
 b - a +0 scale mail (worn)
 c - a +0 shield (worn)
 m - a +0 pair of boots (worn)
Jewellery
 j - a ring of flight (right hand)
 n - a +2 ring of intelligence (left hand)
 o - an uncursed amulet of faith
Scrolls
 k - a scroll of remove curse {unknown}
 r - 2 scrolls of identify {unknown}
Potions
 d - a potion of might
 e - a potion of degeneration {unknown}
 h - a potion of beneficial mutation {unknown}
 p - a potion of curing {unknown}
Comestibles
 f - 5 bread rations
 g - 4 beef jerkies
 i - a meat ration
 l - a slice of pizza
 q - 2 chunks of flesh


   Skills:
 + Level 3.7 Fighting
 * Level 3.1 Maces & Flails
 - Level 2.6 Armour
 + Level 1.0 Dodging
 - Level 2.6 Shields


You had 3 spell levels left.
You didn't know any spells.

Dungeon Overview and Level Annotations

Branches:
Dungeon (3/15)

Altars:


Innate Abilities, Weirdness & Mutations

You have a pair of horns on your head.


Message History

q - 3 chunks of flesh Eating one of 3 chunks of flesh.
You start eating one of the 3 chunks of flesh.
You continue eating. x2
You finish eating.
This raw flesh tastes terrible.
An adder comes into view.
The adder hisses angrily.
You miss the adder.
The adder bites you but does no damage. x2
You closely miss the adder. Your headbutt misses the adder.
You block the adder's attack.
You closely miss the adder. You block the adder's attack.
The adder bites you but does no damage.
You barely miss the adder. Your headbutt misses the adder.
You block the adder's attack. x2
You sock the adder!
You kill the adder!
You have reached level 4!
You feel stronger.
Your demonic ancestry asserts itself...
The horns on your head grow some more.
Are you sure you want to abandon this character and quit the game? (Confirm with "yes".)

#.#.#.# ....... ###
......#. ..#
...>...# #.#
......## #.#
.......# ##.##
......## ...
†......# #.#
#.#.#.##########@#
.....## #........#
#.....###.##.###.##
.......##.##......#
........#.##......#
........'.........#
........#.##......#
.......##.###.....#
#.....###.# ##..##


There were no monsters in sight!

Vanquished Creatures
  2 adders
  An ooze (D:2)
  A dart slug (D:1)
  2 worms
  2 giant geckos
  2 giant cockroaches
  3 goblins
  A hobgoblin (D:2)
  6 jackals (D:1)
  A quokka (D:2)
  4 bats
  2 giant newts (D:1)
  11 kobolds
  7 rats
45 creatures vanquished.

Notes
Turn   | Place    | Note
-------+----------+-------------------------------------------
     0 | D:1      | Ijustatesigmund the Demonspawn Fighter began the quest for the Orb.
     0 | D:1      | Reached XP level 1. HP: 18/18 MP: 1/1
   155 | D:1      | Gained mutation: You have a pair of small horns on your head. [demonic ancestry]
   155 | D:1      | Reached XP level 2. HP: 12/24 MP: 2/2
  1034 | D:2      | Reached XP level 3. HP: 26/29 MP: 3/3
  1430 | D:2      | Reached skill level 1 in Dodging
  1742 | D:3      | Gained mutation: You have a pair of horns on your head. [demonic ancestry]
  1742 | D:3      | Reached XP level 4. HP: 31/37 MP: 4/4
  1743 | D:3      | Quit the game

Vault maps used:
D:1:      nicolae_arrival_washed_ashore
D:3:      solitary_fountain, st_stairs_4, minmay_misc_feat_alley

Skill      XL: |  1  2  3 |
---------------+----------+-----
Maces & Flails | 2 3 |  3.1
Dodging        | 1 |  1.0
Fighting       | |  3.7
Armour         | |  2.6
Shields        | |  2.6

Action                   |  1- 3 |  4- 6 || total
-------------------------+-------+-------++-------
Melee: Flail             |   129 |       ||   129
       Headbutt          |    11 |       ||    11
  Use: Scroll            |     1 |       ||     1
  Eat: Chunk             |     3 |       ||     3
Armor: Scale mail        |    60 |       ||    60
Dodge: Dodged            |    41 |       ||    41
Block: Shield            |    68 |       ||    68
